 Dungeon Crawl Stone Soup version 0.18-a0-917-g8a3da5b (webtiles) character file.

22 tof the Grave Robber (level 2, -5/15 HPs)
             Began as a Deep Elf Necromancer on Dec 26, 2015.
             Slain by an orc
             ... wielding a +0 flail
              (10 damage)
             ... on level 5 of the Dungeon.
             The game lasted 00:09:19 (1574 turns).

tof the Grave Robber (Deep Elf Necromancer)         Turns: 1574, Time: 00:09:19

Health: -5/15      AC:  5    Str:  5      XL:     2   Next: 68%
Magic:  6/8        EV: 13    Int: 16 (19) God:
Gold:   103        SH:  0    Dex: 15      Spells: 2 memorised, 6 levels left

rFire  . . .     SeeInvis +     (no weapon)
rCold  . . .     Gourm    .     a - +0 robe
rNeg   . . .     Faith    .     (no shield)
rPois  .         Spirit   .     (no helmet)
rElec  .         Dismiss  .     n - +1 cloak
rCorr  .         Reflect  .     (no gloves)
SustAt .         Harm     .     o - +0 pair of boots
MR     .....                    (no amulet)
Stlth  ++........               (no ring)
                                h - ring of see invisible

@: very slightly contaminated, not resistant to hostile enchantments, unstealthy
A: no striking features
a: no special abilities


You were on level 5 of the Dungeon.
You were not hungry.

You visited 1 branch of the dungeon, and saw 4 of its levels.

You collected 103 gold pieces.

Inventory:

Armour
 a - a +0 robe (worn)
 n - a +1 cloak (worn)
 o - a +0 pair of boots (worn)
Jewellery
 h - a ring of see invisible (left hand)
Wands
 r - a wand of random effects (32/48)
Potions
 d - a potion of haste
Books
 b - a book of Necromancy

   Spells                             Type                      Level
   a - Pain                           Necromancy                   1
   b - Animate Skeleton               Necromancy                   1
   c - Vampiric Draining              Necromancy                   3
   d - Regeneration                   Charms/Necromancy            3
   e - Animate Dead                   Necromancy                   4
   f - Control Undead                 Necromancy                   4
Comestibles
 c - 2 bread rations
 l - 3 fruits


   Skills:
 + Level 2.4 Dodging
 + Level 2.6 Stealth
 + Level 3.5 Spellcasting
 + Level 5.4 Necromancy


You had 6 spell levels left.
You knew the following spells:

 Your Spells              Type           Power        Failure   Level  Hunger
a - Pain                  Necr           ###.         1%          1    None
b - Animate Skeleton      Necr           N/A          1%          1    None


Dungeon Overview and Level Annotations

Branches:
Dungeon (3/15)

Altars:
Pakellas
Ru
Xom
Zin


Message History

An orc comes into view. It is wielding a flail.
The adder misses you.
Casting: Pain
Confirm with . or Enter, or press ? or * to list all spells.
Aiming: Pain
Press: ? - help, Shift-Dir - straight line, f - adder
Aim: an adder (chance to defeat MR: 85%)
The adder convulses in agony!
The orc shouts!
You hear a shout!
You hear a shout!
You hear a shout!
The adder bites you.
An orc comes into view. It is wielding a flail.
Casting: Pain
Confirm with . or Enter, or press ? or * to list all spells.
Aiming: Pain
Press: ? - help, Shift-Dir - straight line, f/p - adder
Aim: an adder (severely wounded, chance to defeat MR: 85%)
The adder barely resists.
The adder bites you but does no damage. The orc hits you with a flail!
Ouch! That really hurt!
You die...

###......##
###..._.....#
#...........#
#............
####.....⌠......
#....5..........
#.####..........
######5####..._...!..
#..o@So.........>....
#.####o######.##.....
.... ...##.....
#.###..#.##..... #.#
#..#..!.....
............#...
#.### <.........
..#.# ....##.#.#
#..#.#. .......#.#


You could see an adder, a shadow imp and 3 orcs.

Vanquished Creatures
  An adder (D:2)
  A worm (D:2)
  A giant cockroach (D:2)
  3 kobolds
  2 ball pythons
  2 bats (D:2)
  A giant newt (D:2)
  5 rats
16 creatures vanquished.

Vanquished Creatures (collateral kills)
  A hobgoblin (D:1)
  A kobold (D:1)
  A rat (D:1)
3 creatures vanquished.

Grand Total: 19 creatures vanquished

Notes
Turn   | Place    | Note
--------------------------------------------------------------
     0 | D:1      | tof the Deep Elf Necromancer began the quest for the Orb.
     0 | D:1      | Reached XP level 1. HP: 10/10 MP: 6/6
    33 | D:1      | Learned a level 1 spell: Animate Skeleton
   296 | D:1      | Reached skill level 5 in Necromancy
   739 | D:2      | Reached XP level 2. HP: 15/15 MP: 6/8
  1146 | D:2      | Found a glowing silver altar of Zin.
  1207 | D:2      | Found a shimmering altar of Xom.
  1500 | D:3      | You fall through a shaft for 2 floors!
  1500 | D:5      | Entered Level 5 of the Dungeon
  1551 | D:5      | Found a sacrificial altar of Ru.
  1556 | D:5      | Found an oddly glowing altar of Pakellas.
  1574 | D:5      | Slain by an orc

Vault maps used:
D:1:      dpeg_arrival_water_temple_mockup
D:2:      xom_butterflies, lemuel_coloured_pillars_altar, first_bread
D:5:      grunt_temple_overflow_open, minmay_misc_feat_square,
          minmay_misc_feat_diagonals, st_stairs_5

Action                   || total
-------------------------++-------
Melee: Unarmed           ||     3
 Cast: Pain              ||    23
       Animate Skeleton  ||     6
  Use: Scroll            ||     5
       Potion            ||     4
  Eat: Beef jerky        ||     1
       Chunk             ||     1
